 Dungeon Crawl Stone Soup version 0.30-a0-34-gbe8da3892a (console) character file.

Game seed: 10717565450857351143

7609 petzl the Covert (level 11, -2/83 (86) HPs)
             Began as a Formicid Arcane Marksman on Aug 27, 2022.
             Was a Believer of Vehumet.
             Slain by an eight-headed hydra (7 damage)
             ... on level 11 of the Dungeon on Aug 28, 2022.
             The game lasted 01:43:38 (18735 turns).

petzl the Covert (Formicid Arcane Marksman)        Turns: 18735, Time: 01:43:50

HP:   -2/83 (86)    AC: 10    Str: 18    XL:     11   Next: 40%
MP:   23/23         EV: 11    Int: 17    God:    Vehumet [**....]
Gold: 434           SH:  0    Dex: 12    Spells: 21/26 levels left

rFire   . . .      SeeInvis +    a - +0 shortbow (vorpal)
rCold   . . .      Faith    .    (no shield)
rNeg    . . .      Spirit   .    k - +2 ring mail {Will+}
rPois   +          Reflect  .    (helmet unavailable)
rElec   +          Harm     .    l - +1 cloak
rCorr   .          Rampage  .    y - +0 pair of gloves
Will    ++...                    (no boots)
Stlth   +++.......               (no amulet)
HPRegen 0.23/turn                N - ring "Paal" {Fly rElec Str+3 Dex-2 SInv}
MPRegen 0.18/turn                E - ring of poison resistance

@: flying, lightly drained
A: permanent stasis, dig shafts and tunnels, antennae 3, four strong arms
a: Dig, Shaft Self, Renounce Religion


You were on level 11 of the Dungeon.
You worshipped Vehumet.
Vehumet was pleased with you.
You visited 3 branches of the dungeon, and saw 14 of its levels.

You collected 687 gold pieces.
You spent 253 gold pieces at shops.

Inventory:

Hand Weapons
 a - a +0 vorpal shortbow (weapon)
 b - a +0 dagger of venom {!f =f}
 c - the +9 long sword of Luefum {flame, Str+2}
   (You found it on level 4 of the Dungeon)

   It burns those it strikes, dealing additional fire damage.
   Big, fiery blades are also staple armaments of hydra-hunters.
   Str:       It affects your strength (+2).
 s - a +1 dagger of protection {!f =f}
 J - a +2 long sword of freezing
 K - a +0 scimitar of flaming
Missiles
 p - 37 poisoned darts
Armour
 k - a +2 ring mail of willpower (worn)
 l - a +1 cloak (worn)
 m - a +2 robe of the Archmagi
 y - a +0 pair of gloves (worn)
 B - a +2 leather armour of fire resistance
 I - a +2 robe of willpower
Jewellery
 A - a ring of protection from fire
 D - a ring of protection from cold
 E - a ring of poison resistance (right hand)
 H - a ring of protection from fire
 N - the ring "Paal" (left hand) {Fly rElec Str+3 Dex-2 SInv}
   (You found it on level 8 of the Dungeon)

   [ring of flight]

   Str:       It affects your strength (+3).
   Dex:       It affects your dexterity (-2).
   rElec:     It insulates you from electricity.
   SInv:      It lets you see invisible.
   Fly:       It grants you flight.
Wands
 g - a wand of mindburst (3)
 j - a wand of light (10)
 t - a wand of charming (5)
 z - a wand of flame (12)
Scrolls
 d - a scroll of fog {unknown}
 e - 2 scrolls of fear {unknown}
 h - 3 scrolls of enchant armour {unknown}
 o - 2 scrolls of magic mapping
 q - a scroll of vulnerability
 u - 4 scrolls of amnesia {unknown}
 v - a scroll of torment {unknown}
 x - 5 scrolls of immolation
 G - 3 scrolls of silence
Potions
 f - a potion of haste {unknown}
 i - a potion of resistance {unknown}
 n - 3 potions of heal wounds
 r - 2 potions of lignification
 w - 3 potions of degeneration {unknown}
 C - a potion of cancellation {unknown}
 F - a potion of flight
 L - 2 potions of might
 M - a potion of curing


   Skills:
 + Level 7.9 Fighting
 - Level 2.0 Long Blades
 - Level 4.0 Ranged Weapons
 - Level 3.0 Armour
 - Level 3.0 Dodging
 + Level 9.2 Stealth
 + Level 8.1 Spellcasting
 * Level 6.0 Conjurations
 - Level 3.6 Hexes
 * Level 3.3 Fire Magic
 - Level 3.1 Air Magic
 + Level 3.3 Evocations


You had 21 spell levels left.
You knew the following spells:

 Your Spells              Type           Power      Damage    Failure   Level
a - Slow                  Hex            76%        N/A       4%          1
b - Shock                 Conj/Air       88%        1d8       2%          1
c - Inner Flame           Hex/Fire       18%        N/A       13%         3

Your spell library contained the following spells:

 Spells                   Type           Power      Damage    Failure   Level
 Static Discharge         Conj/Air       44%        3-6/arc   4%          2
 Beastly Appendage        Tmut           12%        N/A       19%         1
 Portal Projectile        Hex/Tloc       26%        N/A       26%         3
 Cause Fear               Hex            9%         N/A       36%         4
 Gell's Gravitas          Tloc           6%         N/A       47%         3
 Teleport Other           Tloc           6%         N/A       47%         3
 Irradiate                Conj/Tmut      8%         3d14      82%         5
 Dispersal                Tloc           3%         N/A       100%        6
 Dragon Form              Tmut           3%         N/A       100%        7
 Dragon's Call            Summ           3%         N/A       100%        9


Dungeon Overview and Level Annotations

Branches:
Dungeon (12/15)            Temple (1/1) D:7            Lair (1/5) D:9
    Orc: D:9-12

Altars:
Ashenzari
Cheibriados
Dithmenos
Elyvilon
Fedhas
Gozag
Hepliaklqana
Kikubaaqudgha
Makhleb
Nemelex Xobeh
Okawaru
Qazlal
Ru
Sif Muna
Trog
Uskayaw
Vehumet
Wu Jian
Xom
Yredelemnul
Zin
The Shining One

Shops:
D:2 *   D:4 (*   D:7 [

Annotations:
D:3 1 transporter, freelancePsychic's ghost, amateur KoAM
D:4 exclusion: black bear
D:5 exclusion: downstairs
D:8 exclusion: downstairs
D:9 exclusions: downstairs and 2 killer bees, Harold
D:10 exclusions: downstairs and steam dragon
D:12 exclusions: boulder beetle and hydra
Temple 2 transporters


Innate Abilities, Weirdness & Mutations

You cannot be hasted, slowed, berserked, paralysed or teleported.
You can dig through walls and to a lower floor.
You have a pair of large antennae on your head. (SInv)
Your four strong arms can wield two-handed weapons with a shield.


Message History

The eight-headed hydra barely misses you.
The eight-headed hydra bites you but does no damage.
The eight-headed hydra bites you!
The eight-headed hydra bites you but does no damage.
The eight-headed hydra bites you. x2
You fly upwards.
There is a stone staircase leading down here.
Unknown command.
Unknown command.
Unknown command.
Unknown command.
Okay, then.
Unknown command.
Unknown command.
Okay, then.
The eight-headed hydra attacks as you move away!
The eight-headed hydra bites you! The eight-headed hydra misses you.
The eight-headed hydra bites you.
The eight-headed hydra bites you but does no damage.
The eight-headed hydra bites you.
The eight-headed hydra bites you but does no damage.
The eight-headed hydra closely misses you.
The eight-headed hydra bites you.
Are you sure you want to shaft yourself?
The eight-headed hydra bites you. x2; The eight-headed hydra bites you!
* * * LOW HITPOINT WARNING * * *
The eight-headed hydra barely misses you.
The eight-headed hydra bites you but does no damage.
The eight-headed hydra barely misses you.
The eight-headed hydra bites you.
* * * LOW HITPOINT WARNING * * *
The eight-headed hydra bites you!
* * * LOW HITPOINT WARNING * * *
You begin to dig a shaft.
You continue digging a shaft.
The eight-headed hydra bites you but does no damage.
The eight-headed hydra bites you!
* * * LOW HITPOINT WARNING * * *
The eight-headed hydra bites you but does no damage.
The eight-headed hydra bites you!
You die...

..#....... ..#.......
.......... ......... ......##
......# .[....+ .# ......#
####.# #.....# ..#.#
......#####.#.##
#.'###.........############
##'###........)...........#
##.##.....................#
#8.8#..............)......#
##.##...(.................#
##.##.....................###
#8.8#.#########.............+
##)##.# #............##
##.#### #........D@..# #8.8#
############## ##.##########
##.##8##8##8####
..)..........).#
##.##8##8##8##.#
##.###########.#######
#8.8#................#
##.##.##############.# #.##.#
#....#.# ##.##.# #.#<.#.#
#8.8#.# #.####.# ##.##.#
#......# #'##.# ########
#....# ######


You could see an eight-headed hydra.

Vanquished Creatures
  A two-headed ogre (D:9)
  Maurice (D:8)
  A cane toad (Lair:1)
  Maggie (D:8)
  Psyche (D:8)
  A gargoyle (D:11)
  A troll (D:9)
  2 blink frogs (D:9)
  A vampire (D:9)
  A wyvern (D:8)
  Grum (D:8)
  2 steam dragons
  3 wargs (D:9)
  4 water moccasins
  4 orc warriors
  An ice beast (D:8)
  A black bear (D:7)
  A sky beast (D:6)
  An ogre (D:5)
  2 wolves
  2 centaurs (D:8)
  3 kobold brigands
  4 bullfrogs
  2 scorpions (D:5)
  2 necrophages
  9 wights
  5 killer bees
  7 howler monkeys
  A hound (Temple)
  A jelly (D:6)
  5 orc priests
  16 orc wizards
  3 gnolls
  4 adders
  A shadow imp (D:7)
  2 ufetubi (D:6)
  5 dart slugs
  33 orcs
  6 bats
  10 endoplasms
  6 giant cockroaches
  10 goblins
  4 hobgoblins
  16 jackals
  20 kobolds
  5 quokkas
  6 ball pythons
  4 frilled lizards
  5 rats
228 creatures vanquished.

Vanquished Creatures (collateral kills)
  2 orcs (D:9)
2 creatures vanquished.

Vanquished Creatures (others)
  2 orc priests (D:9)
  An orc (D:9)
  6 plants
9 creatures vanquished.

Grand Total: 239 creatures vanquished

Notes
Turn   | Place    | Note
-------+----------+-------------------------------------------
     0 | D:1      | petzl the Formicid Arcane Marksman began the quest for the
                  | Orb.
     0 | D:1      | Reached XP level 1. HP: 15/15 MP: 2/2
   293 | D:1      | Found a faded altar of an unknown god.
   306 | D:1      | Reached XP level 2. HP: 17/21 MP: 3/3
   491 | D:1      | Reached skill level 1 in Stealth
   491 | D:1      | Reached XP level 3. HP: 19/26 MP: 5/5
   696 | D:1      | Reached skill level 1 in Armour
  1495 | D:2      | Reached XP level 4. HP: 28/33 MP: 6/6
  1668 | D:2      | Found a basalt altar of Yredelemnul.
  1670 | D:2      | Got the Compilation of Changing
  2172 | D:2      | Found Tyunabbuy's General Store.
  2175 | D:2      | Bought a potion of curing for 33 gold pieces
  2351 | D:2      | Reached XP level 5. HP: 28/38 MP: 8/8
  2443 | D:3      | Found a white marble altar of Elyvilon.
  2625 | D:3      | Reached skill level 2 in Stealth
  2859 | D:3      | Found a transporter.
  2862 | D:3      | Noticed freelancePsychic's ghost (amateur KoAM)
  2864 | D:3      | Found a transporter.
  3165 | D:4      | You fall into a shaft and drop 2 floors!
  3173 | D:5      | Entered Level 5 of the Dungeon
  3300 | D:6      | Noticed a kobold brigand
  3306 | D:5      | Found an opulent altar of Gozag.
  3427 | D:5      | Reached XP level 6. HP: 25/46 MP: 7/9
  3727 | D:6      | Found an iron altar of Okawaru.
  3735 | D:6      | Reached skill level 3 in Stealth
  3893 | D:4      | Found a shimmering blue altar of Sif Muna.
  3898 | D:4      | Found a snail-covered altar of Cheibriados.
  3951 | D:4      | Identified the +9 long sword of Luefum {flame, Str+2}
  4100 | D:3      | You fall into a shaft and drop 3 floors!
  4101 | D:6      | Noticed a water moccasin
  4357 | D:4      | Found Igoxt's Weapon Boutique.
  4391 | D:4      | Found Qejeazogh's Fire Supplies.
  4548 | D:4      | Noticed a black bear
  4638 | D:4      | Found a hazy altar of Hepliaklqana.
  4729 | D:2      | Bought a ring of poison resistance for 220 gold pieces
  5154 | D:4      | Found a shadowy altar of Dithmenos.
  5154 | D:4      | Noticed a shadow
  5381 | D:5      | Noticed an ogre
  5396 | D:5      | Killed an ogre
  5397 | D:5      | Reached XP level 7. HP: 37/51 MP: 8/11
  6140 | D:6      | Reached skill level 4 in Stealth
  6557 | D:7      | Found a staircase to the Ecumenical Temple.
  6567 | Temple   | Entered the Ecumenical Temple
  6567 | Temple   | Found a transporter.
  6567 | Temple   | Found a transporter.
  6569 | Temple   | Found a transporter.
  6569 | Temple   | Found a transporter.
  6591 | Temple   | Became a worshipper of Vehumet
  6665 | Temple   | Reached XP level 8. HP: 37/60 MP: 11/13
  6894 | D:7      | Reached skill level 5 in Stealth
  7233 | D:7      | Found Cheibriados's Comfort Zone.
  7233 | D:7      | Found a snail-covered altar of Cheibriados.
  7833 | D:7      | Reached skill level 5 in Fighting
  7999 | D:7      | Reached skill level 6 in Stealth
  8371 | D:7      | Reached skill level 5 in Spellcasting
  8401 | D:7      | Reached XP level 9. HP: 68/68 MP: 12/16
  8473 | D:7      | Reached skill level 7 in Stealth
  8565 | D:7      | Reached skill level 1 in Long Blades
  8626 | D:7      | Reached * piety under Vehumet
  8626 | D:7      | Offered knowledge of Shock by Vehumet.
  8635 | D:7      | Learned a level 1 spell: Shock
  9008 | D:6      | Found a hide-covered altar of Uskayaw.
  9048 | D:6      | Reached skill level 1 in Conjurations
 10481 | D:8      | Reached skill level 1 in Air Magic
 10846 | D:8      | Noticed Grum
 11031 | D:8      | Noticed Maggie
 11070 | D:8      | Identified the ring "Paal" {Fly rElec Str+3 Dex-2 SInv}
 11104 | D:8      | Found a sacrificial altar of Ru.
 11118 | D:9      | Noticed a troll
 11140 | D:8      | Noticed Maurice
 11151 | D:8      | Killed Maurice
 11152 | D:8      | Reached XP level 10. HP: 77/77 MP: 18/20
 11486 | D:8      | Reached skill level 8 in Stealth
 11534 | D:8      | Noticed Psyche
 11566 | D:8      | Killed Psyche
 12508 | D:8      | Killed Maggie
 12604 | D:8      | Killed Grum
 12605 | D:8      | Reached skill level 1 in Evocations
 12836 | D:8      | Found an ornate altar of the Wu Jian Council.
 13433 | D:9      | Noticed a two-headed ogre
 13515 | D:9      | Killed a two-headed ogre
 13516 | D:9      | Reached skill level 5 in Conjurations
 13777 | D:9      | Offered knowledge of Static Discharge by Vehumet.
 13781 | D:9      | Reached ** piety under Vehumet
 13787 | D:9      | Learned a level 3 spell: Inner Flame
 13936 | D:9      | Found a staircase to the Lair.
 13960 | D:10     | Entered Level 10 of the Dungeon
 13962 | D:10     | Found a broken altar of Ashenzari.
 13978 | D:10     | Found a sparkling altar of Nemelex Xobeh.
 14111 | D:9      | Noticed Harold
 14322 | D:9      | Reached skill level 1 in Fire Magic
 14322 | D:9      | Reached XP level 11. HP: 74/84 MP: 22/22
 15974 | Lair:1   | Entered Level 1 of the Lair of Beasts
 16572 | Lair:1   | Reached skill level 9 in Stealth
 16739 | Lair:1   | Noticed an elephant
 16740 | Lair:1   | Noticed an elephant
 16740 | Lair:1   | Noticed an elephant
 17100 | D:10     | Found an ancient bone altar of Kikubaaqudgha.
 17771 | D:11     | Noticed an eight-headed hydra
 18321 | D:12     | Noticed a five-headed hydra
 18420 | D:12     | Noticed a boulder beetle
 18730 | D:12     | Noticed an eight-headed hydra
 18735 | D:11     | Slain by an eight-headed hydra

Illustrated notes

Levels and vault maps discovered:
D:1:      dpeg_arrival_stonehenge_12_columns, layout_loops_ring,
          shapermc_ecumenical_altar_mp_urbaneastern, minmay_misc_feat_rugged,
          minmay_misc_feat_square
D:2:      layout_loops_ring, basic_altar, serial_shops,
          nicolae_shop_behind_doors
D:3:      layout_basic, nicolae_elyvilon_peaceful_grove,
          gammafunk_ghost_mausoleum
D:4:      layout_layer_cave, mainiacjoe_overflow_catwalk_spiral,
          riverfiend_overflow_shadow_ancestor, serial_shops,
          nicolae_shop_behind_doors, grunt_decor_resistance,
          nicolae_shop_fire_sale [nicolae_sub_dead_trees]
D:5:      layout_cave_pods, nicolae_overflow_crystal_walls
D:6:      layout_basic, eat_drink_and_be_merry_uskayaw,
          okawaru_metal_pillars_1_2, minivault_23, kennysheep_generic_room_5
D:7:      layout_gridville, minmay_temple_entry_tees, enter_bailey_3,
          minmay_shop_chei, nicolae_figureground_sparkle
D:8:      layout_basic, nzn_wu_jian_council_hall, mainiacjoe_overflow_brackets,
          minmay_bent, uniq_maurice, uniq_grum, uniq_maggie, uniq_psyche
D:9:      layout_stronghold, erik_lair_orcish_takeover, uniq_harold
D:10:     minmay_flawed_box, layout_basic, nicolae_ashenzari_panopticon,
          mainiacjoe_overflow_catwalk, nemelex_xobeh_ov_fountains_minmay
D:11:     layout_basic, portal_ice_cave_entry_pillars_1, dk_noncrumbling_2
D:12:     layout_basic, minmay_orc_entry_temple_small, uniq_kirke
Temple:   hellmonk_temple_divided_pantheon
Lair:1:   layout_roguey, gammafunk_ghost_necromancy,
          chequers_serial_rivers_large_a, grunt_megastairs_3, uniq_joseph

Skill      XL: |  1  2  3  4  5  6  7  8  9 10 11 |
---------------+----------------------------------+-----
Dodging        | 2 3 |  3.0
Stealth        | 1 2 3 4 6 7 8 9 |  9.2
Armour         | 1 2 3 |  3.0
Fighting       | 2 3 5 6 7 |  7.9
Spellcasting   | 2 3 5 6 7 8 |  8.1
Ranged Weapons | 3 4 |  4.0
Long Blades    | 2 |  2.0
Conjurations   | 3 5 6 |  6.0
Air Magic      | 1 3 |  3.1
Evocations     | 2 3 |  3.3
Fire Magic     | 1 3 |  3.3
Hexes          | |  3.6

Action                   |  1- 3 |  4- 6 |  7- 9 | 10-12 || total
-------------------------+-------+-------+-------+-------++-------
Melee: Dagger            |     9 |   135 |   268 |    74 ||   486
       Punch             |       |       |     6 |     2 ||     8
       Long sword        |       |       |    36 |   127 ||   163
       Shortbow          |       |       |       |     1 ||     1
 Fire: Sling             |   120 |    97 |    90 |     4 ||   311
       Shortbow          |       |       |       |   193 ||   193
Throw: Dart              |       |     5 |     7 |     4 ||    16
 Cast: Slow              |     2 |    15 |    86 |    44 ||   147
 Abil: Shaft Self        |       |     1 |       |     1 ||     2
       Dig               |       |       |       |     6 ||     6
Evoke: Wand              |       |       |     2 |    27 ||    29
  Use: Scroll            |       |     5 |     2 |     5 ||    12
       Potion            |       |       |     1 |     9 ||    10
 Stab: Distracted        |       |       |     1 |       ||     1
       Invisible         |       |       |       |     2 ||     2
Armor: Robe              |    13 |       |       |       ||    13
       Ring mail         |     4 |    78 |   127 |   105 ||   314
Dodge: Dodged            |    67 |   106 |   187 |   132 ||   492

Table legend: (Time is in decaauts)
 A = Elapsed time spent in this place.
 B = Non-inter-level travel time spent in this place.
 C = Inter-level travel time spent in this place.
 D = Time resting spent in this place.
 E = Time spent auto-exploring this place.
 F = Levels seen in this place.
 G = Mean time per level.
                   A        B        C        D        E       F      G
               +--------+--------+--------+--------+--------+-----+--------+
         Total |  18922 |  17557 |   1365 |   5834 |   4838 |  14 | 1351.6 |
       Dungeon |  18139 |  16774 |   1365 |   5460 |   4838 |  12 | 1511.6 |
        Temple |    400 |    400 |      0 |    273 |      0 |   1 |  400.0 |
          Lair |    382 |    382 |      0 |    101 |      0 |   1 |  382.0 |
               +--------+--------+--------+--------+--------+-----+--------+

Top non-repeatable levels by time:
     D:7: 3219 daAuts
     D:9: 2902 daAuts
     D:8: 2614 daAuts
     D:6: 1783 daAuts
     D:1: 1508 daAuts
     D:5: 1397 daAuts
    D:10: 1227 daAuts
     D:4: 1152 daAuts
     D:2: 1037 daAuts
     D:3: 768 daAuts
  Temple: 400 daAuts
  Lair:1: 382 daAuts
    D:11: 372 daAuts
    D:12: 155 daAuts
